 Dungeon Crawl Stone Soup version 0.31.0-11-ge490571c62 (webtiles) character file.

Game seed: 8320104128149433541

1125 Killerpretzel the Changeling (level 8, -4/54 HPs)
             Began as an Octopode Shapeshifter on Feb 9, 2024.
             Slain by an orc warrior
             ... wielding a +0 long sword
              (17 damage)
             ... on level 5 of the Dungeon.
             The game lasted 00:14:44 (5610 turns).

Killerpretzel the Changeling (OpSh)                 Turns: 5610, Time: 00:14:45

Health: -4/54      AC:  1    Str: 13    XL:     8   Next: 35%
Magic:  8/8        EV: 14    Int: 12    God:
Gold:   332        SH:  0    Dex: 14    Spells: 7/7 levels left

rFire   + . .        m - +0 short sword
rCold   . . .        (no shield)
rNeg    + . .        (helmet currently unavailable)
rPois   .            (no amulet)
rElec   .            q - ring of positive energy
rCorr   .            B - ring of protection from fire
SInv    .            (no ring)
Will    .....        (no ring)
Stlth   ++           (no ring)
HPRegen 0.29/turn    (no ring)
MPRegen 0.11/turn    (no ring)
                     (no ring)

%: no passive effects
@: beast-form, hasted, very quick
A: beast (slay +3), almost no armour, amphibious, 8 rings, camouflage 1,
gelatinous body 1, (nimble swimmer 1), tentacles
a: Begin Untransformation


You were on level 5 of the Dungeon.
You were a hulking beast.
You visited 1 branch of the dungeon, and saw 6 of its levels.

You collected 332 gold pieces.

Inventory:

Hand Weapons
 m - a +0 short sword (weapon)
Missiles
 e - a throwing net (quivered)
Jewellery
 k - a ring of fire
 q - a ring of positive energy (left tentacle)
 B - a ring of protection from fire (right tentacle)
Talismans
 b - a beast talisman
 c - a flux talisman
Wands
 u - a wand of mindburst (15)
 v - a wand of iceblast (12)
 y - a wand of charming (7)
 A - a wand of acid (10)
Scrolls
 i - 2 scrolls of summoning
 j - 4 scrolls of teleportation
 n - 3 scrolls of silence
 p - 2 scrolls of fog
 x - a scroll of fear
Potions
 a - a potion of lignification
 d - 2 potions of curing
 g - a potion of might
 o - 2 potions of magic
 r - 2 potions of brilliance
 s - a potion of attraction {unknown}
 t - a potion of enlightenment {unknown}
 w - a potion of mutation {unknown}


   Skills:
 + Level 4.2 Fighting
 + Level 4.6 Dodging
 + Level 5.2 Unarmed Combat
 * Level 6.3 Shapeshifting


You had 7 spell levels left.
You didn't know any spells.
Your spell library contained the following spells:

 Spells                   Type           Power      Damage    Failure   Level
 Sandblast                Erth           0%         2d4       32%         1
 Cigotuvi's Dreadful Rot  Necr/Alch/Air  0%         N/A       45%         2
 Passwall                 Erth           0%         N/A       69%         3
 Cause Fear               Hex            0%         N/A       97%         4
 Dispel Undead            Necr           0%         3d6       97%         4
 Manifold Assault         Tloc           0%         N/A       97%         4
 Martyr's Knell           Necr/Summ      0%         N/A       97%         4
 Summon Blazeheart Golem  Fire/Summ      0%         N/A       97%         4
 Fireball                 Conj/Fire      0%         3d3       100%        5
 Death Channel            Necr           0%         N/A       100%        6
 Dispersal                Tloc           0%         N/A       100%        6
 Disjunction              Tloc           0%         N/A       100%        8
 Lehudib's Crystal Spear  Conj/Erth      0%         10d2      100%        8
 Dragon's Call            Summ           0%         N/A       100%        9


Dungeon Overview and Level Annotations

Branches:
Dungeon (6/15)
 Temple: D:4-7

Altars:
Hepliaklqana
Okawaru
Trog
Xom

Annotations:
D:6 Dowan, Duvessa, Edmund, Maggie


Innate Abilities, Weirdness & Mutations

You are a hulking beast.
Your limbs bulge with bestial killing power. (Slay +3)
You cannot wear most types of armour.
You are amphibious.
You can wear up to eight rings at the same time.
Your skin changes colour to match your surroundings (Stealth+).
Your rubbery body absorbs attacks. (AC +1, EV +1)
((You are camouflaged when in or above water. (Stealth+)))
You have tentacles for arms and can constrict up to eight enemies at once.


Message History

The orc attacks as it pursues you! The orc hits you with a +0 dagger.
The orc attacks as it pursues you! The orc hits you with a +0 dagger.
There is a stone staircase leading up, spattered with blood here.
You hit the orc but do no damage. You grab the orc. You tentacle-slap the orc.
You squeeze the orc, but do no damage.
The orc is lightly wounded.
You constrict the orc, but do no damage.
The orc hits you with a +0 dagger.
You hit the orc.
The orc is moderately wounded.
You constrict the orc. The orc barely misses you.
You hit the orc.
The orc is almost dead.
You constrict the orc.
You kill the orc!
The orc warrior misses you.
You climb upwards.
There is a stone staircase leading down here.
You hit the orc warrior but do no damage.
Your grab misses the orc warrior.
The orc warrior hits you with a +0 long sword!
You barely miss the orc warrior. You grab the orc warrior.
You constrict the orc warrior.
The orc warrior hits you with a +0 long sword!
You hit the orc warrior.
The orc warrior is moderately wounded.
You constrict the orc warrior. The orc warrior closely misses you.
You hit the orc warrior.
You squeeze the orc warrior, but do no damage.
The orc warrior is heavily wounded.
You constrict the orc warrior.
The orc warrior hits you with a +0 long sword!!
* * * LOW HITPOINT WARNING * * *
You barely miss the orc warrior.
The orc warrior is heavily wounded.
You constrict the orc warrior, but do no damage.
The orc warrior barely misses you.
You feel yourself speed up.
You constrict the orc warrior.
The orc warrior hits you with a +0 long sword!
You die...

#......#####....##.##....# #.#
#.#.##...#[..#..##.##.##.# #.#
#.##.#.#.#.###..(...#.##.###.####
#.###............#............[..
#g####.##.#######.#.#.##.########
#z##..................##.#
#.##.#..########.#######.#
#.##.#..# #o# #.# #.##.#..# #h#
#.# #.##.#..# #.# #.#
#.##.#..########.# #.#
...............#.#######.########
###.##.######....................
# #....# #.###################
###.#..# #)# ....#..# #.#
#####..# #.#


You could see an orc warrior.

Vanquished Creatures
  2 ice beasts (D:5)
  A phantom (D:6)
  A bullfrog (D:5)
  A gnoll sergeant (D:5)
  2 scorpions
  5 wights (D:5)
  An orc priest (D:5)
  2 hounds
  An orc wizard (D:3)
  2 iguanas
  3 gnolls (D:5)
  6 adders
  An ufetubus (D:6)
  2 dart slugs
  3 ribbon worms
  16 orcs
  4 ball pythons
  8 endoplasms
  2 giant cockroaches (D:4)
  5 goblins
  7 hobgoblins
  3 jackals (D:1)
  5 quokkas
  3 bats
  4 frilled lizards
  7 kobolds
  6 rats
103 creatures vanquished.

Notes
Turn   | Place    | Note
-------+----------+-------------------------------------------
     0 | D:1      | Killerpretzel the Octopode Shapeshifter began the quest for
                  | the Orb.
     0 | D:1      | Reached XP level 1. HP: 13/13 MP: 1/1
   175 | D:1      | Reached XP level 2. HP: 18/18 MP: 2/2
   530 | D:1      | Reached XP level 3. HP: 23/23 MP: 3/3
   901 | D:2      | Got the Incunable of Scorching Terrain
  1382 | D:3      | Reached XP level 4. HP: 22/29 MP: 4/4
  1581 | D:3      | Found a faded altar of an unknown god.
  1821 | D:3      | Found a hazy altar of Hepliaklqana.
  1822 | D:3      | Found a shimmering altar of Xom.
  1822 | D:3      | Noticed a tentacled monstrosity
  1823 | D:3      | Noticed a spectral ugly thing
  1823 | D:3      | Noticed a tentacled monstrosity
  2271 | D:4      | Reached skill level 4 in Shapeshifting
  2317 | D:4      | Found a bloodstained altar of Trog.
  2325 | D:4      | Reached XP level 5. HP: 23/34 MP: 5/5
  2396 | D:4      | Reached XP level 6. HP: 5/41 MP: 6/6
  3025 | D:5      | Entered Level 5 of the Dungeon
  3698 | D:5      | Found an iron altar of Okawaru.
  3788 | D:5      | Noticed an ice beast
  3968 | D:5      | Reached skill level 5 in Shapeshifting
  3999 | D:5      | Reached XP level 7. HP: 40/46 MP: 7/7
  4999 | D:5      | Reached XP level 8. HP: 47/54 MP: 8/8
  5125 | D:5      | Reached skill level 5 in Unarmed Combat
  5125 | D:5      | Reached skill level 6 in Shapeshifting
  5466 | D:6      | Noticed Duvessa
  5466 | D:6      | Noticed Dowan
  5469 | D:6      | Noticed Maggie
  5593 | D:6      | Noticed Edmund
  5610 | D:5      | Slain by an orc warrior

Illustrated notes

Levels and vault maps discovered:
D:1:      ldierk_walled_garden_2, layout_rooms, minmay_unequal
D:2:      layout_basic, bh_walls_and_bars
D:3:      layout_rooms, regret_index_temple_of_mockery,
          shapermc_ecumenical_altar_mp_ritualfount, serial_forest,
          infiniplex_forest_straight_1, infiniplex_forest_lined_4_way,
          infiniplex_forest_clump_curved, infiniplex_forest_straight_2,
          infiniplex_forest_clump_double, infiniplex_forest_straight_4,
          infiniplex_forest_clump_medium, minmay_misc_feat_x
D:4:      layout_basic, trog_book
D:5:      layout_loops_ring, okawaru_ov_weapons_minmay
D:6:      layout_cave_pools, uniq_edmund, uniq_duvessa, uniq_maggie

Skill      XL: |  1  2  3  4  5  6  7  8 |
---------------+-------------------------+-----
Fighting       | 2 3 4 |  4.2
Shapeshifting  | 4 5 6 |  6.3
Dodging        | 3 4 |  4.6
Unarmed Combat | 4 5 |  5.2

Action                     |  1- 3 |  4- 6 |  7- 9 || total
---------------------------+-------+-------+-------++-------
  Melee: Unarmed           |    40 |       |       ||    40
         Constrict         |    19 |    34 |    13 ||    66
         Tentacles         |    11 |    33 |    28 ||    72
         Short sword       |    19 |   115 |    78 ||   212
         Dagger            |     7 |       |       ||     7
         Punch             |     1 |     9 |     5 ||    15
    Use: Scroll            |       |       |    13 ||    13
         Potion            |       |       |     3 ||     3
   Stab: Sleeping          |     7 |     4 |       ||    11
         Distracted        |       |     1 |       ||     1
 Armour: Skin              |    29 |    60 |    47 ||   136
  Dodge: Dodged            |    31 |    56 |    42 ||   129
